 Dungeon Crawl Stone Soup version 0.29.1-12-g30fa7ad0bf (webtiles) character file.

Game seed: 7954260461580460721

59 cheesebisquit the Chopper (level 3, -6/33 HPs)
             Began as a Minotaur Berserker on Jan 5, 2023.
             Was a Believer of Trog.
             Mangled by an iguana (13 damage)
             ... on level 2 of the Dungeon on Jan 6, 2023.
             The game lasted 00:10:33 (1700 turns).

cheesebisquit the Chopper (Minotaur Berserker)      Turns: 1700, Time: 00:10:34

Health: -6/33      AC:  5    Str: 23    XL:     3   Next: 78%
Magic:  2/2        EV:  9    Int:  4    God:    Trog [**....]
Gold:   66         SH:  6    Dex:  9    Spells: 2/2 levels left

rFire   . . .      SeeInvis .   a - +0 hand axe
rCold   . . .      Faith    .   r - +0 kite shield
rNeg    . . .      Spirit   .   e - +0 ring mail
rPois   .          Reflect  .   (helmet restricted)
rElec   .          Harm     .   (no cloak)
rCorr   .          Rampage  .   (no gloves)
Will    .....                   (no boots)
Stlth   ..........              (no amulet)
HPRegen 0.11/turn               (no ring)
MPRegen 0.08/turn               (no ring)

@: no status effects
A: horns 2, retaliatory headbutt
a: Renounce Religion, Berserk, Trog's Hand


You were on level 2 of the Dungeon.
You worshipped Trog.
Trog was pleased with you.
You visited 1 branch of the dungeon, and saw 3 of its levels.

You collected 66 gold pieces.

Inventory:

Hand Weapons
 a - a +0 hand axe (weapon)
 b - a +0 sling
Missiles
 f - 3 poisoned darts (quivered)
 j - a throwing net
Armour
 e - a +0 ring mail (worn)
 r - a +0 kite shield (worn)
Wands
 m - a wand of paralysis (3)
Scrolls
 c - 2 scrolls of amnesia
 d - a scroll of poison
 g - a scroll of fear {unknown}
 h - a scroll of immolation {unknown}
 i - a scroll of blinking {unknown}
 k - a scroll of vulnerability {unknown}
 n - a scroll of magic mapping {unknown}
 o - 2 scrolls of identify {unknown}
 p - a scroll of enchant weapon {unknown}
Potions
 l - a potion of ambrosia {unknown}


   Skills:
 - Level 4.1 Fighting
 + Level 4.4 Axes
 - Level 3.1 Armour
 - Level 3.0 Dodging


You had 2 spell levels left.
You didn't know any spells.
Your spell library was empty.

Dungeon Overview and Level Annotations

Branches:
Dungeon (3/15)

Altars:


Innate Abilities, Weirdness & Mutations

You have a pair of horns on your head.
You reflexively headbutt those who attack you in melee.


Message History

You barely miss the frilled lizard.
The frilled lizard hisses.
The frilled lizard closely misses you. You furiously retaliate!
You headbutt the frilled lizard.
You kill the frilled lizard!
Trog accepts your kill.
The giant cockroach bites you but does no damage.
You hit the giant cockroach but do no damage.
The giant cockroach misses you.
You barely miss the giant cockroach.
You block the giant cockroach's attack. x2
You completely miss the giant cockroach.
The giant cockroach bites you.
You barely miss the giant cockroach. The giant cockroach bites you.
The giant cockroach closely misses you.
You hit the giant cockroach but do no damage.
You headbutt the giant cockroach.
You kill the giant cockroach!
Trog accepts your kill.
You start resting.
An iguana comes into view.
The iguana hisses angrily.
You hit the iguana.
The iguana is lightly wounded.
The iguana bites you! The iguana bites you.
You hit the iguana but do no damage.
The iguana is lightly wounded.
The iguana bites you!
* * * LOW HITPOINT WARNING * * *
Okay, then.
Okay, then.
The iguana barely misses you.
You climb upwards.
There is a stone staircase leading down here.
As you read the scroll labelled YTUKIQ XEQ, it crumbles to dust.
It is a scroll of amnesia.
You feel forgetful for a moment. You block the iguana's attack.
The air fills with toxic fumes!
As you read the scroll labelled ACUT YCOLUKO, it crumbles to dust.
It was a scroll of poison.
The iguana bites you!
You die...

#...#..# #.#####..
#§§.#§## #.####...
##§.§§# #.......# #§#§§#
#....._^# #§#§§###
#.......#
#§#§§..#########...
###§§§.#...# ##..
#§§§§#####.# ##.
#§§l@§§§##.# ##
##§§§§#§##.# #
###§§§§##.##########
#§§§§§§...........
###§##§§§§#####.....
#####.§§##§#§§§.# ####..
#.....§§§..§§§§.###.....
#.....§§§.#§#§§......##.
#...........###...#.....


You could see an iguana.

Vanquished Creatures
  3 adders (D:2)
  5 endoplasms
  2 giant cockroaches
  5 goblins
  A hobgoblin (D:1)
  A quokka (D:2)
  5 ball pythons
  3 bats (D:1)
  4 frilled lizards
  A kobold (D:1)
  3 rats
33 creatures vanquished.

Notes
Turn   | Place    | Note
-------+----------+-------------------------------------------
     0 | D:1      | cheesebisquit the Minotaur Berserker began the quest for
                  | the Orb.
     0 | D:1      | Reached XP level 1. HP: 19/19 MP: 0/0
   475 | D:1      | Reached XP level 2. HP: 21/27 MP: 1/1
  1129 | D:2      | Reached XP level 3. HP: 31/33 MP: 2/2
  1179 | D:2      | Found a faded altar of an unknown god.
  1300 | D:2      | Reached ** piety under Trog
  1700 | D:2      | Mangled by an iguana

Illustrated notes

Levels and vault maps discovered:
D:1:      minmay_arrival_widening_spiral_narrow, layout_loops_ring, minivault_14
D:2:      layout_rooms, hellmonk_ecumenical_altar_crossroads, minmay_domino_2
D:3:      cheibrodos_old_hovel, layout_rooms, grunt_temple_overflow_open,
          gammafunk_ghost_icy, minmay_misc_feat_hallway,
          chequers_serial_rivers_small_b, st_stairs_14

Skill      XL: |  1  2  3 |
---------------+----------+-----
Axes           | 4 |  4.4
Fighting       | 4 |  4.1
Armour         | 3 |  3.1
Dodging        | 3 |  3.0

Action                   || total
-------------------------++-------
Melee: Hand axe          ||    63
       Headbutt          ||    11
Invok: Berserk           ||     1
  Use: Scroll            ||     2
Armor: Ring mail         ||    14
Dodge: Dodged            ||    26
Block: Kite shield       ||     3
